 Dungeon Crawl Stone Soup version 0.30.0-5-g1a98f26d00 (webtiles) character file.

Game seed: 11082720918766245626

1577 sircluck the Conjurer (level 8, 0/61 HPs)
             Began as a Demigod Conjurer on May 8, 2023.
             Slain by a fire bat (2 damage)
             ... on level 6 of the Dungeon.
             The game lasted 00:09:57 (7982 turns).

sircluck the Conjurer (Demigod Conjurer)            Turns: 7982, Time: 00:09:59

Health: 0/61       AC: 12    Str:  8    XL:     8   Next: 34%
Magic:  5/19       EV: 10    Int: 28    God:
Gold:   323        SH:  0    Dex: 14    Spells: 16/17 levels left

rFire   . . .        w - +4 dagger (elec)
rCold   . . .        (no shield)
rNeg    . . .        o - +7 ring mail of Vanity {Dex+2}
rPois   .            (no helmet)
rElec   .            (no cloak)
rCorr   .            (no gloves)
SInv    .            (no boots)
Will    .....        (no amulet)
Stlth   ++           (no ring)
HPRegen 0.30/turn    (no ring)
MPRegen 0.16/turn

%: no passive effects
@: no status effects
A: high MP 1, forlorn, divine attributes
a: no special abilities


You were on level 6 of the Dungeon.
You visited 1 branch of the dungeon, and saw 6 of its levels.
You also visited: Sewer.

You collected 323 gold pieces.

Inventory:

Hand Weapons
 d - a +0 dagger
 k - a +0 dagger of venom
 w - a +4 dagger of electrocution (weapon)
Missiles
 e - 26 stones
 p - 6 boomerangs
Armour
 a - a +0 robe
 o - the +7 ring mail of Vanity (worn) {Dex+2}
   (You found it on level 2 of the Dungeon)

   Dex:       It affects your dexterity (+2).
Jewellery
 i - an amulet of magic regeneration
 m - a +5 ring of evasion
 D - a +6 ring of strength
 E - a ring of protection from cold
Wands
 l - a wand of iceblast (8)
 r - a wand of polymorph (5)
Scrolls
 c - 4 scrolls of identify {unknown}
 f - a scroll of fog {unknown}
 q - a scroll of vulnerability {unknown}
 s - a scroll of brand weapon {unknown}
 t - 4 scrolls of noise
 u - a scroll of enchant armour {unknown}
 v - a scroll of poison {unknown}
 x - 5 scrolls of blinking {unknown}
 y - 3 scrolls of teleportation {unknown}
 A - a scroll of amnesia {unknown}
Potions
 b - a potion of magic
 g - 3 potions of flight {unknown}
 h - a potion of brilliance {unknown}
 j - a potion of ambrosia {unknown}
 z - 2 potions of attraction {unknown}
 B - 2 potions of heal wounds {unknown}
 C - a potion of mutation {unknown}
 F - a potion of lignification {unknown}
 G - a potion of resistance {unknown}
 H - a potion of experience {unknown}


   Skills:
 + Level 2.1 Fighting
 + Level 1.8 Short Blades
 + Level 4.1 Armour
 + Level 3.1 Dodging
 + Level 2.8 Stealth
 + Level 5.0 Spellcasting
 + Level 6.5 Conjurations
 + Level 0.2 Evocations


You had 16 spell levels left.
You knew the following spells:

 Your Spells              Type           Power      Damage    Failure   Level
a - Magic Dart            Conj           100%       1d8       1%          1

Your spell library contained the following spells:

 Spells                   Type           Power      Damage    Failure   Level
 Searing Ray              Conj           86%        2d7       1%          2
 Dazzling Flash           Conj/Hex       50%        N/A       14%         3
 Lesser Beckoning         Tloc           14%        N/A       28%         2
 Fulminant Prism          Conj/Hex       12%        3d8       43%         4
 Iskenderun's Mystic Bla  Conj/Tloc      25%        2d7       43%         4
 Gell's Gravitas          Tloc           7%         N/A       50%         3
 Ozocubu's Armour         Ice            7%         N/A       50%         3
 Teleport Other           Tloc           7%         N/A       50%         3
 Ozocubu's Refrigeration  Ice            3%         4d8       100%        7


Dungeon Overview and Level Annotations

Branches:
Dungeon (6/15)             Temple (0/1) D:6           Sewer (visited)


Innate Abilities, Weirdness & Mutations

You have an increased reservoir of magic. (+10% MP)
You shall have no god before yourself.
Your divine heritage dramatically boosts your attributes as you level up.


Message History

The ice beast attacks as you move away!
The ice beast hits you but does no damage.
The ice beast attacks as you move away!
The ice beast hits you but does no damage.
The ice beast attacks as you move away!
The ice beast hits you but does no damage.
The ice beast attacks as you move away! The ice beast closely misses you.
The centaur wields a +2 shortbow of electrocution.
You hear the crackle of electricity.
The centaur shoots an arrow.
The arrow hits you.
The centaur shoots an arrow.
The arrow hits you but does no damage.
You are electrocuted!!
* * * LOW HITPOINT WARNING * * *
Read: scroll of fear
Press: ? - help, Q - select action, (/) - cycle Dir - look around, f - activate Look: an ice beast (moderately wounded, chance to affect: 97%)
As you read the scroll of fear, it crumbles to dust.
You assume a fearsome visage.
The centaur looks frightened!
The ice beast looks frightened!
Aiming: Polymorph
Press: ? - help, Q - select action, (/) - cycle Shift-Dir - straight line, f/p - ice beast
Aim: an ice beast (moderately wounded, fleeing, will become a fire bat, a killer bee, or a water moccasin, chance to affect: 49%)
Your attack snaps the ice beast out of its fear.
The ice beast resists with some effort.
Aiming: Polymorph
Press: ? - help, Q - select action, (/) - cycle Shift-Dir - straight line, f/p - ice beast
Aim: an ice beast (moderately wounded, will become a fire bat, a killer bee, or a water moccasin, chance to affect: 49%)
The ice beast evaporates and reforms as a fire bat!
The fire bat barely misses you. The fire bat bites you.
* * * LOW HITPOINT WARNING * * *
You are engulfed in flames!
* * * LOW HITPOINT WARNING * * *
Casting: Magic Dart (safe; 1% risk of failure)
Confirm with . or Enter, or press ? or * to list all spells.
Aiming: Magic Dart (safe; 1% risk of failure)
Press: ? - help, Shift-Dir - straight line, f/p - fire bat
Aim: a fire bat (100% to hit)
The magic dart hits the fire bat.
The fire bat is moderately wounded.
The fire bat bites you.
You die...

..'...>c....#
..####'###c## ...
#...# ....# ##.##
.....# ##...##
....# #.....# ...#
##...## ..#
##...b.####
#...@...#.####
#.............#.###
..............†...#
#.............#.#.#
##.#.......#.####.#
####.....#### #..#
##...## ###.##
#..... ##...# ##
##... ##...##


You could see a fire bat and a centaur (fleeing).

Vanquished Creatures
  Grinder (D:6)
  2 water moccasins
  An orc warrior (D:5)
  An ogre (D:4)
  A kobold brigand (D:5)
  2 bullfrogs
  2 scorpions
  3 jellies
  2 hounds
  An orc priest (D:4)
  9 orc wizards
  16 adders
  2 ufetubi
  4 worms
  3 dart slugs
  25 orcs
  12 ball pythons
  4 bats
  8 endoplasms
  5 giant cockroaches
  4 goblins
  8 hobgoblins
  8 jackals (D:1)
  10 kobolds
  3 quokkas
  3 frilled lizards (Sewer)
  A rat (D:1)
141 creatures vanquished.

Notes
Turn   | Place    | Note
-------+----------+-------------------------------------------
     0 | D:1      | sircluck the Demigod Conjurer began the quest for the Orb.
     0 | D:1      | Reached XP level 1. HP: 14/14 MP: 5/5
   227 | D:1      | Reached skill level 4 in Conjurations
   267 | D:1      | Reached XP level 2. HP: 20/20 MP: 4/7
  1001 | D:1      | Reached XP level 3. HP: 26/26 MP: 6/8
  1466 | D:2      | Identified the +4 mace of Faevoz {flame, rCorr}
  1579 | D:2      | Identified the +7 ring mail of Vanity {Dex+2}
  2898 | D:3      | Reached XP level 4. HP: 34/34 MP: 4/9
  3002 | D:3      | Reached skill level 1 in Fighting
  4180 | D:4      | Reached skill level 1 in Armour
  4180 | D:4      | Reached XP level 5. HP: 22/40 MP: 3/11
  4187 | D:4      | Reached skill level 5 in Conjurations
  4189 | D:4      | Found a glowing drain.
  4235 | Sewer    | Entered a sewer
  5214 | D:4      | Noticed an ogre
  5297 | D:4      | Killed an ogre
  5298 | D:4      | Reached XP level 6. HP: 14/47 MP: 8/14
  6024 | D:5      | Entered Level 5 of the Dungeon
  6026 | D:5      | You fall into a shaft and drop 1 floor!
  6026 | D:6      | Found a staircase to the Ecumenical Temple.
  6319 | D:5      | Noticed a water moccasin
  6331 | D:5      | Killed a water moccasin
  6332 | D:5      | Reached skill level 1 in Short Blades
  6332 | D:5      | Reached XP level 7. HP: 25/52 MP: 11/16
  7079 | D:5      | Reached skill level 6 in Conjurations
  7659 | D:6      | Reached XP level 8. HP: 61/61 MP: 4/18
  7953 | D:6      | Noticed Grinder
  7967 | D:6      | Killed Grinder
  7968 | D:6      | Reached skill level 5 in Spellcasting
  7981 | D:6      | HP: 2/61 [fire bat (7)]
  7982 | D:6      | Slain by a fire bat

Illustrated notes

Levels and vault maps discovered:
D:1:      elethiomel_arrival_maze, layout_loops_ring
D:2:      layout_loops_ring
D:3:      layout_basic, shapermc_ecumenical_altar_hornbeckon, minivault_11,
          grunt_decor_fettered
D:4:      layout_loops_corners, zin_treasury, overflow_temple_1_default,
          gup_sewer_entry_glass, nicolae_elevator_lobby_asterisk
D:5:      layout_loops_ring, overflow_temple_1_default, minmay_crystal_room
D:6:      layout_basic, nicolae_qazlal_scattered_showers,
          minmay_temple_entry_tees, nicolae_figureground_sparkle,
          uniq_eustachio, uniq_grinder

Skill      XL: |  1  2  3  4  5  6  7  8 |
---------------+-------------------------+-----
Conjurations   | 4 5 6 |  6.5
Spellcasting   | 2 3 4 5 |  5.0
Stealth        | 2 |  2.8
Fighting       | 1 2 |  2.1
Dodging        | 2 3 |  3.1
Armour         | 1 2 3 4 |  4.1
Short Blades   | 1 |  1.8
Evocations     | |  0.2

Action                     |  1- 3 |  4- 6 |  7- 9 || total
---------------------------+-------+-------+-------++-------
  Melee: Dagger            |    39 |    42 |    45 ||   126
         Unarmed           |     8 |       |       ||     8
         Punch             |     1 |       |     2 ||     3
   Cast: Magic Dart        |    88 |   172 |   119 ||   379
  Evoke: Wand              |       |     3 |     2 ||     5
    Use: Potion            |     1 |     2 |       ||     3
         Scroll            |       |     3 |     1 ||     4
 Armour: Robe              |     6 |       |       ||     6
         Ring mail         |       |    81 |    65 ||   146
  Dodge: Dodged            |    38 |    64 |    35 ||   137
